 Dungeon Crawl Stone Soup version 0.22-a0-558-gc2241811a9 (webtiles) character file.

2721 Kholdaimon the Blocker (level 9, -3/82 HPs)
             Began as a Minotaur Fighter on June 27, 2018.
             Was a Believer of Okawaru.
             Slain by a sixfirhy (11 damage)
             ... on level 7 of the Dungeon.
             The game lasted 00:38:07 (5272 turns).

Kholdaimon the Blocker (Minotaur Fighter)           Turns: 5272, Time: 00:38:07

Health: -3/82      AC: 11    Str: 26    XL:     9   Next: 39%
Magic:  8/8        EV: 17    Int:  8    God:    Okawaru [**....]
Gold:   407        SH: 12    Dex: 15    Spells: 8/8 levels left

rFire    . . .     SeeInvis +   a - +1 war axe
rCold    . . .     Gourm    .   c - +0 shield
rNeg     . . .     Faith    .   y - +0 chain mail
rPois    .         Spirit   .   (helmet restricted)
rElec    .         Reflect  .   (no cloak)
rCorr    .         Harm     .   (no gloves)
MR       .....                  (no boots)
Stlth    ..........             (no amulet)
HPRegen  0.23/turn              e - ring of see invisible
MPRegen  0.11/turn              x - +5 ring of evasion

@: mighty, agile, hasted, very quick
A: retaliatory headbutt, horns 2
a: Heroism, Renounce Religion


You were on level 7 of the Dungeon.
You worshipped Okawaru.
Okawaru was pleased with you.
You were not hungry.

You visited 1 branch of the dungeon, and saw 7 of its levels.

You collected 407 gold pieces.

Inventory:

Hand Weapons
 a - a +1 war axe (weapon)
 o - a +0 hunting sling
 r - a +2 flail of crushing
 E - a +2 flail of holy wrath
 J - a +3 mace
Missiles
 b - 18 poisoned needles
 h - 221 stones (quivered)
 q - 27 sling bullets
 t - 24 bolts
 w - 2 throwing nets
 D - 8 tomahawks
Armour
 c - a +0 shield (worn)
 y - a +0 chain mail (worn)
Jewellery
 e - a ring of see invisible (left hand)
 x - a +5 ring of evasion (right hand)
 H - a +3 amulet of reflection {unknown}
Wands
 G - a wand of iceblast (10)
Scrolls
 i - 3 scrolls of amnesia
 j - a scroll of fog {unknown}
 l - a scroll of remove curse
 n - a scroll of enchant armour {unknown}
 C - 2 scrolls of enchant weapon
 F - a scroll of teleportation
 I - a scroll of silence {unknown}
Potions
 d - a potion of might
 g - a potion of berserk rage
 k - a potion of ambrosia
 m - 3 potions of flight
 s - a potion of brilliance
 u - 2 potions of curing
 z - a potion of invisibility {unknown}
 B - a potion of resistance {unknown}
Comestibles
 f - 10 rations
 A - a chunk of flesh


   Skills:
 + Level 8.6 Fighting
 + Level 8.0 Axes
 + Level 8.6 Armour
 + Level 8.6 Shields


You had 8 spell levels left.
You didn't know any spells.
Your spell library contained the following spells:

 Spells                   Type           Power        Failure   Level  Hunger
 Magic Dart               Conj           #...         99%         1    ##.....
 Iskenderun's Mystic Bla  Conj           #.......     100%        4    #####..
 Fulminant Prism          Conj/Hex       #.........   100%        4    #####..
 Dazzling Spray           Conj/Hex       #.....       100%        3    ####...
 Force Lance              Conj/Tloc      #.......     100%        4    #####..
 Searing Ray              Conj           #.....       100%        2    ###....


Dungeon Overview and Level Annotations

Branches:
Dungeon (7/15)             Temple (0/1) D:6

Altars:
Dithmenos
Gozag
Okawaru
Qazlal
Vehumet
Wu Jian
Xom
Yredelemnul

Shops:
D:7 %


Innate Abilities, Weirdness & Mutations

You reflexively headbutt those who attack you in melee.
You have a pair of horns on your head.


Message History

You barely miss the sixfirhy.
The sixfirhy is lightly wounded.
The sixfirhy hits you! The sixfirhy shocks you!
The sixfirhy closely misses you.
The sixfirhy hits you but does no damage.
You block the sixfirhy's attack. The sixfirhy hits you!
The sixfirhy shocks you!
You hit the sixfirhy. Your headbutt misses the sixfirhy.
The sixfirhy is moderately wounded.
The sixfirhy hits you. The sixfirhy shocks you!
* * * LOW HITPOINT WARNING * * *
The sixfirhy hits you but does no damage.
You feel yourself speed up.
Some of the chunks of flesh in your inventory have rotted away.
You feel agile all of a sudden.
You feel very mighty all of a sudden. You block the sixfirhy's attack.
The sixfirhy hits you!
* * * LOW HITPOINT WARNING * * *
The sixfirhy shocks you!
You die...

##. ...#
#..####..#
#........#
#..###...#
#..#('..####
##.###(.##.. ##
#.....h##.#####...
###### ######3##..
..#.##. .#...###
##@##.# ......
.......#
#...#.##..#.##.
.....#<##
#.#............
........###
#...#...<...#
..........#
#####.....###
........#.# ###
###...#
.......##.####.##
#...#
##...#..........##
#...#
#...#...........#
#...#


You could see a sixfirhy and a black bear.

Vanquished Creatures
  A hornet (D:6)
  Eustachio (D:6)
  Menkaure (D:4)
  2 sky beasts
  3 ogres
  A black bear (D:6)
  2 centaurs
  A big kobold (D:6)
  Blork the orc (D:6)
  A bullfrog (D:3)
  3 killer bees (D:7)
  2 howler monkeys (D:6)
  4 wights (D:6)
  A bullfrog zombie (D:7)
  3 crimson imps
  A quasit (D:6)
  3 hounds
  A gnoll shaman (D:5)
  2 jellies (D:6)
  An orc priest (D:3)
  A bullfrog skeleton (D:6)
  5 orc wizards
  The ghost of grizmgrazm2 the Scratcher, a weakling FeTm of Hepliaklqana (D:3)
  2 iguanas
  A worker ant (D:5)
  2 hound skeletons
  2 worker ant zombies (D:5)
  10 adders
  11 gnolls
  A shadow imp (D:4)
  An adder skeleton (D:6)
  A worm (D:3)
  3 dart slugs
  7 leopard geckos
  15 orcs
  4 bats
  5 giant cockroaches
  8 goblins
  6 hobgoblins
  7 jackals
  2 quokkas
  3 frilled lizards
  2 gnoll zombies (D:3)
  7 kobolds
  A leopard gecko zombie (D:5)
  2 quokka skeletons
  6 rats
  2 bushes (D:3)
  2 plants (D:3)
155 creatures vanquished.

Notes
Turn   | Place    | Note
-------+----------+-------------------------------------------
     0 | D:1      | Kholdaimon the Minotaur Fighter began the quest for the Orb.
     0 | D:1      | Reached XP level 1. HP: 19/19 MP: 0/0
   173 | D:1      | Reached XP level 2. HP: 19/27 MP: 1/1
   466 | D:1      | Reached XP level 3. HP: 33/33 MP: 2/2
   957 | D:2      | You fall through a shaft for 2 floors!
  1017 | D:3      | Reached XP level 4. HP: 36/41 MP: 3/3
  1164 | D:2      | Noticed an ogre
  1173 | D:2      | Killed an ogre
  1173 | D:2      | Reached XP level 5. HP: 47/47 MP: 4/4
  1501 | D:3      | Noticed a sky beast
  1513 | D:3      | Killed a sky beast
  1513 | D:3      | Reached skill level 5 in Fighting
  1513 | D:3      | Reached skill level 5 in Armour
  1513 | D:3      | Reached skill level 5 in Shields
  1513 | D:3      | Reached XP level 6. HP: 50/56 MP: 5/5
  1590 | D:3      | Found a shimmering altar of Xom.
  1598 | D:3      | Found a shadowy altar of Dithmenos.
  1602 | D:3      | Found a stormy altar of Qazlal.
  1947 | D:3      | Found a runed door.
  2027 | D:3      | Noticed grizmgrazm2's ghost (weakling FeTm)
  2257 | D:3      | Found a basalt altar of Yredelemnul.
  2510 | D:3      | Killed grizmgrazm2's ghost
  2623 | D:4      | Found an ornate altar of the Wu Jian Council.
  2624 | D:4      | Noticed Menkaure
  2633 | D:4      | Reached XP level 7. HP: 48/62 MP: 6/6
  2636 | D:4      | Killed Menkaure
  2636 | D:4      | Reached skill level 5 in Axes
  2980 | D:5      | Entered Level 5 of the Dungeon
  3329 | D:5      | Found an opulent altar of Gozag.
  3410 | D:5      | Reached XP level 8. HP: 44/71 MP: 7/7
  3538 | D:5      | Found an iron altar of Okawaru.
  3549 | D:5      | Became a worshipper of Warmaster Okawaru
  3786 | D:5      | Found a radiant altar of Vehumet.
  4083 | D:6      | Noticed a hornet
  4099 | D:6      | Paralysed by a hornet for 2 turns
  4101 | D:6      | Killed a hornet
  4101 | D:6      | Reached * piety under Okawaru
  4212 | D:6      | Noticed Blork the orc
  4221 | D:6      | Killed Blork the orc
  4315 | D:6      | Reached XP level 9. HP: 76/81 MP: 8/8
  4352 | D:6      | Noticed Eustachio
  4367 | D:6      | Killed Eustachio
  4473 | D:6      | Found a staircase to the Ecumenical Temple.
  4792 | D:6      | Reached ** piety under Okawaru
  5147 | D:7      | Found Tuczesed's Food Shop.
  5247 | D:7      | Found a runed door.
  5254 | D:7      | Noticed a sixfirhy
  5272 | D:7      | Slain by a sixfirhy

Vault maps used:
D:1:      noname_arrival_rooms_in_the_neighbourhood
D:3:      lemuel_zombie_altar_yredelemnul, minitemple, ebering_ghost_sewer_d,
          serial_forest, infiniplex_forest_clump_small,
          infiniplex_forest_straight_3, infiniplex_forest_clump_medium,
          infiniplex_forest_side_room, serial_bayou_crossing
D:4:      nicolae_overflow_hidden_temple, first_ration, uniq_menkaure
D:5:      vehumet_crystals, grunt_gozag_statues, basic_altar
D:6:      minmay_temple_entry_mist, serial_park, serial_park_avenue1,
          serial_park_tiny_1, uniq_blork_the_orc, uniq_eustachio
D:7:      cheibrodos_shockbox, kennysheep_little_box, serial_shops,
          kennysheep_mini_moat, grunt_ministairs_1, uniq_crazy_yiuf_cottage

Skill      XL: |  1  2  3  4  5  6  7  8  9 |
---------------+----------------------------+-----
Fighting       | 4 5 6 7 8 |  8.6
Axes           | 3 4 5 7 8 |  8.0
Armour         | 4 5 6 7 8 |  8.6
Shields        | 4 5 6 7 8 |  8.6

Action                   |  1- 3 |  4- 6 |  7- 9 || total
-------------------------+-------+-------+-------++-------
Melee: War axe           |    86 |   153 |   255 ||   494
       Headbutt          |    11 |    35 |    45 ||    91
Throw: Stone             |     2 |     9 |     5 ||    16
  Use: Scroll            |       |     9 |     7 ||    16
       Potion            |       |       |     3 ||     3
  Eat: Chunk             |       |     6 |     9 ||    15
Armor: Scale mail        |    53 |    18 |    13 ||    84
       Chain mail        |       |       |    75 ||    75
Dodge: Dodged            |    29 |    39 |   116 ||   184
Block: Shield            |    59 |    52 |   139 ||   250

Table legend:
 A = Spawn XP
 B = Non-spawn XP
 C = Spawn XP percentage of total XP
 D = Spawn monster count
 E = Non-spawn monster count
 F = Spawn count percentage of total count
 G = Total turns spent on level
                    A         B        C        D         E        F      G
               +---------+---------+-------+---------+---------+-------+---------
         Total |       0 |    3888 |   0.0 |       0 |     151 |   0.0 |  5272
               +---------+---------+-------+---------+---------+-------+---------
           D:1 |       0 |      48 |   0.0 |       0 |      26 |   0.0 |   691
           D:2 |       0 |     154 |   0.0 |       0 |      10 |   0.0 |   552
           D:3 |       0 |     441 |   0.0 |       0 |      28 |   0.0 |  1301
           D:4 |       0 |     421 |   0.0 |       0 |      19 |   0.0 |   444
           D:5 |       0 |     611 |   0.0 |       0 |      21 |   0.0 |   888
           D:6 |       0 |    1632 |   0.0 |       0 |      37 |   0.0 |  1083
           D:7 |       0 |     581 |   0.0 |       0 |      10 |   0.0 |   313
               +---------+---------+-------+---------+---------+-------+---------
